 Dungeon Crawl Stone Soup version 0.31-a0-832-g3a2c1c66ba (webtiles) character file.

Game seed: 11145667318548257743

4172 DocSulfur the Skirmisher (level 10, 56/56 HPs)
             Began as a Deep Elf Berserker on Sept 25, 2023.
             Was an Elder of Trog.
             Quit the game on level 7 of the Dungeon.
             The game lasted 00:17:12 (8099 turns).

DocSulfur the Skirmisher (Deep Elf Berserker)       Turns: 8099, Time: 00:17:12

Health: 56/56      AC:  7    Str: 12    XL:     10   Next: 7%
Magic:  12/12      EV: 13    Int: 13    God:    Trog [****..]
Gold:   204        SH:  0    Dex: 18    Spells: 9/9 levels left

rFire   . . .        c - +3 dagger
rCold   + + .        (no shield)
rNeg    . . .        e - +1 leather armour "Gynyrghee" {rC+ Will+ Str-2 Slay+3}
rPois   .            n - +0 helmet
rElec   .            N - +0 cloak
rCorr   .            r - +0 pair of gloves
SInv    .            (no boots)
Will    ++...        (no amulet)
Stlth   +            g - ring of flight
HPRegen 0.29/turn    I - ring of protection from cold
MPRegen 0.13/turn

%: no passive effects
@: on berserk cooldown, flying
A: no striking features
a: Renounce Religion, Berserk, Trog's Hand, Brothers in Arms


You were on level 7 of the Dungeon.
You worshipped Trog.
Trog was greatly pleased with you.
You visited 1 branch of the dungeon, and saw 7 of its levels.
You also visited: Sewer and Ossuary.

You collected 204 gold pieces.

Inventory:

Hand Weapons
 c - a +3 dagger (weapon)
 u - a +1 shortbow of flaming
 F - a +0 arbalest
 J - a +0 long sword
Missiles
 m - a throwing net
 s - 22 poisoned darts
Armour
 e - the +1 leather armour "Gynyrghee" (worn) {rC+ Will+ Str-2 Slay+3}
   (You found it on level 6 of the Dungeon)

   Str-2:     It affects your strength (-2).
   Slay+3:    It affects your accuracy & damage with ranged weapons and melee
   (+3).
   rC+:       It protects you from cold.
   Will+:     It increases your willpower.
 n - a +0 helmet (worn)
 r - a +0 pair of gloves (worn)
 N - a +0 cloak (worn)
Jewellery
 g - a ring of flight (left hand)
 I - a ring of protection from cold (right hand)
 L - a ring of ice
Wands
 q - a wand of roots (2)
 M - a wand of flame (10)
Scrolls
 a - 2 scrolls of immolation
 b - 2 scrolls of enchant armour
 d - 3 scrolls of amnesia
 i - a scroll of enchant weapon {unknown}
 j - a scroll of blinking
 l - 2 scrolls of teleportation {unknown}
 o - 2 scrolls of noise {unknown}
 p - a scroll of silence
 t - a scroll of poison {unknown}
 y - a scroll of vulnerability {unknown}
 A - a scroll of revelation
 G - a scroll of fog {unknown}
Potions
 f - 3 potions of berserk rage
 h - 4 potions of curing
 k - 2 potions of lignification {unknown}
 v - a potion of heal wounds
 w - 3 potions of invisibility {unknown}
 x - a potion of mutation {unknown}
 z - a potion of enlightenment {unknown}
 B - a potion of cancellation {unknown}
 C - a potion of attraction {unknown}
 D - a potion of magic {unknown}
 E - 2 potions of might {unknown}
 H - a potion of degeneration {unknown}
 K - 2 potions of brilliance {unknown}


   Skills:
 - Level 3.4 Fighting
 - Level 8.2 Long Blades
 + Level 13.7 Ranged Weapons
 - Level 2.9 Armour
 - Level 4.3 Dodging


You had 9 spell levels left.
You didn't know any spells.
Your spell library was empty.

Dungeon Overview and Level Annotations

Branches:
Dungeon (7/15)             Temple (0/1) D:5           Sewer (visited)
Ossuary (visited)

Altars:
Dithmenos
Fedhas
Gozag
Hepliaklqana
Kikubaaqudgha
Makhleb
Qazlal
Ru
Wu Jian
Xom
Yredelemnul


Message History

Crazy Yiuf shouts!
Press: ? - help, v - describe, . - travel
Here: Crazy Yiuf, wielding a +2 quarterstaff of chaos and wearing a +0 cloak (fire blocked by a runed translucent door)
The floor.
Crazy Yiuf laughs, "Defame!"
A red film seems to cover your vision as you go berserk!
You feel yourself moving faster!
You feel mighty!
The door flies open with a bang!
You feel a strong urge to attack something.
You hit Crazy Yiuf.
Crazy Yiuf is moderately wounded.
You puncture Crazy Yiuf!
Crazy Yiuf is severely wounded.
Crazy Yiuf closely misses you.
You hit Crazy Yiuf.
Crazy Yiuf is almost dead.
You puncture Crazy Yiuf!
You feel the power of Trog in you as your rage grows.
You kill Crazy Yiuf!
Trog accepts your kill.
There is an open translucent door, spattered with blood here.
Things that are here:
a +2 quarterstaff of chaos; a +0 cloak; the gnoll corpse of Crazy Yiuf You start waiting.
You feel a strong urge to attack something.
You start waiting.
You feel your anger nearly subside.
You are no longer berserk.
You are exhausted.
You feel yourself slow down.
You start waiting.
You feel yourself speed up.
You start putting on your armour.
You continue putting on your +0 cloak. x4
You finish putting on your +0 cloak.
Done exploring.
Done exploring.
Done exploring.
Done exploring.
Search for what [Enter for "."]? .
Search for what [Enter for "."]? .
Are you sure you want to abandon this character and quit the game? (Confirm with "yes".)

#....#
#....########>..
####.####
#....#######....
#....#
#.....<.........
#.####
#####.######....
#.# #.######....
##.# #...........
#..##♣♣ #####
#########...
#....P♣♣ ♣♣#..)#
#.# #...
#....♣P♣♣♣♣.)@..#
#.### #...
##....P.♣..♣#...#
#...# #...
##..P.♣.♣♣♣#####
#...#######.
###♣♣♣♣♣
#...........
#.....#.##..
###...###.....
#.....######..
#####).## ##..
##..###.:.


There were no monsters in sight!

Vanquished Creatures
  6 yaks (D:7)
  2 steam dragons (D:7)
  A water moccasin (D:6)
  3 orc warriors (D:7)
  A sky beast (D:6)
  2 black bears
  3 ice beasts
  3 ogres
  3 centaurs
  A phantom (D:6)
  2 bullfrogs
  A kobold brigand (D:7)
  A scorpion (D:6)
  2 jellies (D:5)
  4 water moccasin zombies (Ossuary)
  2 bullfrog zombies (D:6)
  4 hounds
  Crazy Yiuf (D:7)
  3 orc priests
  2 centaur skeletons (D:6)
  A sleepcap (D:7)
  Jessica (D:3)
  A hell rat (Sewer)
  10 orc wizards
  A killer bee zombie (D:6)
  2 mummies (Ossuary)
  Robin (D:2)
  8 adders
  3 river rats (Sewer)
  5 adder zombies (Ossuary)
  5 dart slugs
  23 orcs
  8 bats
  8 endoplasms
  11 giant cockroaches
  2 gnoll zombies (Ossuary)
  23 goblins
  14 hobgoblins
  2 quokkas
  2 training dummies (D:6)
  9 ball pythons
  2 frilled lizards
  5 hobgoblin zombies (Ossuary)
  8 kobolds
  7 kobold zombies (Ossuary)
  6 orc zombies (Ossuary)
  15 rats
230 creatures vanquished.

Vanquished Creatures (others)
  A human (D:5)
1 creature vanquished.

Grand Total: 231 creatures vanquished

Notes
Turn   | Place    | Note
-------+----------+-------------------------------------------
     0 | D:1      | DocSulfur the Deep Elf Berserker began the quest for the
                  | Orb.
     0 | D:1      | Reached XP level 1. HP: 13/13 MP: 3/3
   180 | D:1      | Reached XP level 2. HP: 18/18 MP: 4/4
   642 | D:1      | Reached ** piety under Trog
   705 | D:1      | Reached XP level 3. HP: 21/22 MP: 5/5
   744 | D:1      | Found a faded altar of an unknown god.
  1540 | D:2      | Noticed Robin
  1579 | D:2      | Reached XP level 4. HP: 24/27 MP: 6/6
  1672 | D:2      | Killed Robin
  2049 | D:3      | Noticed Jessica
  2053 | D:3      | Killed Jessica
  2207 | D:3      | Reached *** piety under Trog
  2208 | D:3      | Reached XP level 5. HP: 28/32 MP: 7/7
  2435 | D:3      | Found a basalt altar of Yredelemnul.
  2759 | D:4      | Found a stormy altar of Qazlal.
  3054 | D:4      | Found a sacrificial altar of Ru.
  3084 | D:4      | Found a blossoming altar of Fedhas.
  3218 | D:4      | Reached XP level 6. HP: 37/37 MP: 8/8
  3409 | D:4      | Found a hazy altar of Hepliaklqana.
  3439 | D:4      | Found a burning altar of Makhleb.
  3501 | D:5      | Entered Level 5 of the Dungeon
  3586 | D:5      | Found a shadowy altar of Dithmenos.
  3707 | D:5      | Reached skill level 5 in Long Blades
  3771 | D:5      | Found a staircase to the Ecumenical Temple.
  3783 | D:5      | Reached XP level 7. HP: 41/41 MP: 9/9
  4424 | D:5      | Found an ancient bone altar of Kikubaaqudgha.
  4427 | D:5      | Noticed a human
  4429 | D:5      | Killed a human
  4527 | D:6      | Found a shimmering altar of Xom.
  4531 | D:6      | Identified the +1 leather armour "Gynyrghee" {rC+ Will+
                  | Str-2 Slay+3}
  4589 | D:6      | Found a glowing drain.
  4603 | D:6      | Found a sand-covered staircase.
  4624 | Ossuary  | Entered an ossuary
  4685 | Ossuary  | Reached **** piety under Trog
  4746 | Ossuary  | Reached XP level 8. HP: 46/46 MP: 10/10
  5018 | Sewer    | Entered a sewer
  5351 | D:6      | Reached skill level 1 in Ranged Weapons
  5360 | D:6      | Reached skill level 2 in Ranged Weapons
  5388 | D:6      | Found an opulent altar of Gozag.
  5396 | D:6      | Reached skill level 4 in Ranged Weapons
  5400 | D:6      | Reached skill level 5 in Ranged Weapons
  5400 | D:6      | HP: 3/69 [poisoned by a water moccasin]
  5403 | D:6      | HP: 1/46 [poisoned by a water moccasin]
  5682 | D:6      | Reached skill level 6 in Ranged Weapons
  5922 | D:6      | Reached skill level 7 in Ranged Weapons
  6189 | D:6      | Reached skill level 8 in Ranged Weapons
  6189 | D:6      | Reached XP level 9. HP: 45/51 MP: 11/11
  6311 | D:6      | Reached skill level 9 in Ranged Weapons
  6761 | D:7      | Reached skill level 10 in Ranged Weapons
  6962 | D:7      | Reached skill level 11 in Ranged Weapons
  7326 | D:7      | Found an ornate altar of the Wu Jian Council.
  7462 | D:7      | Reached skill level 12 in Ranged Weapons
  7800 | D:7      | Reached skill level 13 in Ranged Weapons
  7814 | D:7      | Reached XP level 10. HP: 46/56 MP: 12/12
  8053 | D:7      | Found a runed translucent door.
  8054 | D:7      | Noticed Crazy Yiuf
  8064 | D:7      | Killed Crazy Yiuf
  8099 | D:7      | Quit the game

Illustrated notes

Levels and vault maps discovered:
D:1:      ncdulo_smallfort, layout_basic, chequers_ecumenical_altar_grove,
          minmay_cupped
D:2:      layout_basic, uniq_robin
D:3:      layout_basic, yredelemnul_altar_generic, uniq_jessica
D:4:      layout_loops_cross, grunt_temple_overflow_forces_of_nature,
          marbit_many_paths, mainiacjoe_overflow_two_lobes
D:5:      layout_gridville, tgw_kikubaaqudgha,
          grunt_dithmenos_smoke_and_mirrors, minmay_temple_entry_slanted
D:6:      dreamdust_elfheim, layout_loops_cross, lemuel_coloured_pillars_altar,
          amcnicky_altar_gilded, gup_sewer_entry_glass, serial_undead,
          serial_undead_a, serial_undead_b, serial_undead_e, serial_undead_e,
          nicolae_ossuary_entry_ruins
D:7:      layout_rooms, nzn_wu_jian_contemplation, uniq_crazy_yiuf_cottage

Skill      XL: |  1  2  3  4  5  6  7  8  9 |
---------------+----------------------------+-----
Long Blades    | 3 5 7 8 |  8.2
Armour         | 2 |  2.9
Dodging        | 3 4 |  4.3
Fighting       | 3 |  3.4
Ranged Weapons | 8 13 | 13.7

Action                     |  1- 3 |  4- 6 |  7- 9 | 10-12 || total
---------------------------+-------+-------+-------+-------++-------
  Melee: Dagger            |   134 |   250 |   394 |    18 ||   796
         Falchion          |     9 |       |       |       ||     9
         Punch             |     1 |     3 |     4 |       ||     8
   Fire: Shortbow          |       |       |   141 |       ||   141
 Invoke: Berserk           |     1 |     9 |    14 |     1 ||    25
  Evoke: Wand              |       |       |     1 |       ||     1
    Use: Scroll            |       |     8 |     4 |       ||    12
         Potion            |       |     3 |     4 |     1 ||     8
   Stab: Sleeping          |     4 |       |     1 |       ||     5
 Armour: Animal skin       |    64 |     5 |       |       ||    69
         Ring mail         |       |    72 |       |       ||    72
         Leather armour    |       |    26 |   236 |    11 ||   273
  Dodge: Dodged            |    80 |   124 |   245 |     6 ||   455

Table legend: (Time is in decaauts)
 A = Elapsed time spent in this place.
 B = Non-inter-level travel time spent in this place.
 C = Inter-level travel time spent in this place.
 D = Time resting spent in this place.
 E = Time spent auto-exploring this place.
 F = Levels seen in this place.
 G = Mean time per level.
                   A        B        C        D        E       F      G
               +--------+--------+--------+--------+--------+-----+--------+
         Total |   8176 |   7776 |    400 |   1547 |   3975 |   9 |  908.4 |
       Dungeon |   7626 |   7226 |    400 |   1328 |   3975 |   7 | 1089.4 |
         Sewer |    242 |    242 |      0 |    132 |      0 |   1 |  242.0 |
       Ossuary |    307 |    307 |      0 |     87 |      0 |   1 |  307.0 |
               +--------+--------+--------+--------+--------+-----+--------+

Top non-repeatable levels by time:
     D:7: 1516 daAuts
     D:6: 1491 daAuts
     D:1: 1100 daAuts
     D:5: 1081 daAuts
     D:2: 960 daAuts
     D:4: 887 daAuts
     D:3: 589 daAuts
 Ossuary: 307 daAuts
   Sewer: 242 daAuts
